 Dungeon Crawl Stone Soup version 0.24.1 (webtiles) character file.

Game seed: 14378672037453548885, levelgen mode: deterministic

1157 Descartes the Gusty (level 8, -1/41 HPs)
             Began as a Deep Elf Air Elementalist on Mar 30, 2020.
             Slain by an orc priest
             ... wielding a +0 club
              (4 damage)
             ... on level 5 of the Dungeon.
             The game lasted 00:21:38 (7244 turns).

Descartes the Gusty (Deep Elf Air Elementalist)     Turns: 7244, Time: 00:21:38

Health: -1/41      AC:  3    Str:  4 (5)  XL:     8   Next: 16%
Magic:  0/27       EV: 20    Int: 22 (23) God:
Gold:   248        SH:  0    Dex: 14 (15) Spells: 10/18 levels left

rFire    . . .     SeeInvis .   B - +0 long sword
rCold    . . .     Gourm    .   (no shield)
rNeg     . . .     Faith    .   a - +0 robe
rPois    .         Spirit   .   (no helmet)
rElec    .         Reflect  .   (no cloak)
rCorr    .         Harm     .   h - +0 pair of gloves
MR       .....                  (no boots)
Stlth    +++.......             (no amulet)
HPRegen  0.13/turn              s - +5 ring of evasion
MPRegen  0.20/turn              l - ring of magical power

@: very slightly contaminated
A: no striking features
a: no special abilities


You were on level 5 of the Dungeon.
You were not hungry.

You visited 1 branch of the dungeon, and saw 5 of its levels.
You also visited: Sewer.

You collected 248 gold pieces.

Inventory:

Hand Weapons
 k - a +1 vampiric whip
 B - a +0 long sword (weapon)
Missiles
 d - 141 stones (quivered)
 i - 5 javelins
 C - 2 throwing nets
 D - 16 arrows
Armour
 a - a +0 robe (worn)
 h - a +0 pair of gloves (worn)
 r - a +0 large shield
Jewellery
 b - an uncursed ring of wizardry
 l - a ring of magical power (right hand)
 n - a +3 ring of dexterity
 s - a +5 ring of evasion (left hand)
Scrolls
 e - 4 scrolls of identify
 f - a scroll of enchant armour {unknown}
 g - 5 scrolls of magic mapping
 v - a scroll of amnesia {unknown}
 y - 2 scrolls of teleportation {unknown}
 z - a scroll of blinking {unknown}
 A - 2 scrolls of remove curse {unknown}
Potions
 j - a potion of mutation {unknown}
 m - a potion of agility {unknown}
 o - 3 potions of degeneration
 p - 4 potions of flight
 q - a potion of berserk rage {unknown}
 t - a potion of heal wounds {unknown}
 u - 2 potions of curing {unknown}
 w - 7 potions of might {unknown}
 x - 2 potions of magic {unknown}
Comestibles
 c - 7 rations
 E - 3 chunks of flesh


   Skills:
 + Level 5.0 Dodging
 + Level 5.4 Stealth
 + Level 1.3 Shields
 + Level 5.8 Spellcasting
 + Level 4.2 Conjurations
 * Level 6.3 Air Magic


You had 10 spell levels left.
You knew the following spells:

 Your Spells              Type           Power        Failure   Level  Hunger
a - Shock                 Conj/Air       ####         1%          1    None
b - Airstrike             Air            ####......   7%          4    ####...
c - Static Discharge      Conj/Air       ####....     3%          3    ##.....

Your spell library contained the following spells:

 Spells                   Type           Power        Failure   Level  Hunger
 Swiftness                Chrm/Air       ###.....     3%          2    None
 Animate Skeleton         Necr           N/A          10%         1    None
 Apportation              Tloc           #.....       10%         1    None
 Confusing Touch          Hex            #.....       10%         1    None
 Summon Butterflies       Summ           #.......     10%         1    None
 Summon Small Mammal      Summ           #...         10%         1    None
 Call Canine Familiar     Summ           #.......     28%         3    ##.....
 Lightning Bolt           Conj/Air       ####......   28%         5    #####..
 Summon Ice Beast         Ice/Summ       #.......     67%         4    ####...
 Summon Mana Viper        Hex/Summ       #.......     95%         5    #####..
 Summon Hydra             Summ           #.........   100%        7    #######


Dungeon Overview and Level Annotations

Branches:
Dungeon (5/15)              Sewer (visited)
 Temple: D:4-7

Altars:
Ashenzari
Elyvilon
Okawaru
Qazlal
Wu Jian
Xom
The Shining One

Annotations:
D:1 Crazy Yiuf
D:3 2 transporters, kalagan's ghost, amateur GrEE


Message History

Aim: an orc priest, wielding a +0 club and wearing a +0 leather armour The air twists around and strikes the orc priest!
The orc priest is severely wounded.
Casting: Airstrike (safe; 7% risk of failure)
Confirm with . or Enter, or press ? or * to list all spells.
You don't have enough magic to cast that spell.
Unknown command.
You hit the orc priest.
The orc priest is severely wounded.
The orc priest misses you.
The orc priest invokes the aid of Beogh against you.
Beogh smites you!
* * * LOW HITPOINT WARNING * * *
Casting: Airstrike (safe; 7% risk of failure)
Confirm with . or Enter, or press ? or * to list all spells.
Aiming: Shock (safe; 1% risk of failure)
Press: ? - help, Shift-Dir - straight line, f/p - orc priest
Aim: an orc priest, wielding a +0 club and wearing a +0 leather armour (severely wounded)
The zap misses the orc priest.
The orc priest hits you with a +0 club.
You die...

*,,,,,,,,,*
#.####...†....##...
* *,,,,8,,,,* #.*
#........##... *
*,,,,,,,,,* #.*
#........##...
****,,,,,_,,**#.*
#........##...
,,,,,,,,,,,,,*#.*
#........##...
***,,,,,,**#,*#.*
#........##### *
******** #.##.*
#........# *
#....####........#
#.).o@)).........#
#...####.#########
# #..,* #.# # #.,,*
#.# # #,,,** #.# #
*,,,,* #.# # **,***
#.# *,****#.#
*,,,,,,,*


You could see an orc priest.

Vanquished Creatures
  Eustachio (D:4)
  A sky beast (D:5)
  2 ogres
  2 scorpions
  A crimson imp (D:5)
  An orc priest (D:5)
  4 hounds
  3 orc wizards
  2 worker ants (D:5)
  10 adders
  2 gnolls (D:2)
  5 river rats
  An ooze (D:3)
  An adder skeleton (D:4)
  5 worms
  3 dart slugs
  4 leopard geckos
  14 orcs
  7 giant cockroaches
  10 goblins
  15 hobgoblins
  10 jackals
  6 quokkas
  4 ball pythons
  11 bats
  10 frilled lizards
  4 kobolds
  2 quokka skeletons (D:4)
  17 rats
158 creatures vanquished.

Notes
Turn   | Place    | Note
-------+----------+-------------------------------------------
     0 | D:1      | Descartes the Deep Elf Air Elementalist began the quest for
                  | the Orb.
     0 | D:1      | Reached XP level 1. HP: 10/10 MP: 6/6
   332 | D:1      | Reached XP level 2. HP: 15/15 MP: 5/8
   985 | D:1      | Reached XP level 3. HP: 19/19 MP: 4/9
  1107 | D:2      | Found a runed translucent door.
  1108 | D:2      | Noticed Crazy Yiuf
  1634 | D:2      | Found an iron altar of Okawaru.
  1644 | D:2      | Reached XP level 4. HP: 13/24 MP: 0/11
  1909 | D:2      | Reached skill level 4 in Air Magic
  2168 | D:2      | Noticed an ogre
  2196 | D:2      | Killed an ogre
  2196 | D:2      | Reached XP level 5. HP: 28/28 MP: 13/13
  2554 | D:2      | Found an ornate altar of the Wu Jian Council.
  3110 | D:3      | Reached XP level 6. HP: 32/32 MP: 14/14
  3152 | D:3      | Found a white marble altar of Elyvilon.
  3389 | D:3      | Reached skill level 5 in Air Magic
  3418 | D:3      | Learned a level 4 spell: Airstrike
  3422 | D:3      | Learned a level 3 spell: Static Discharge
  3749 | D:3      | Noticed kalagan's ghost (amateur GrEE)
  3752 | D:3      | Found a transporter.
  3774 | D:3      | Found a transporter.
  4399 | D:4      | Noticed Eustachio
  4405 | D:4      | Killed Eustachio
  4405 | D:4      | Reached skill level 5 in Spellcasting
  4405 | D:4      | Reached XP level 7. HP: 35/36 MP: 3/16
  4651 | D:4      | Found a shattered altar of Ashenzari.
  5014 | D:2      | HP: 2/54 [Crazy Yiuf/+4 quarterstaff of chaos (19)]
  5634 | D:5      | Entered Level 5 of the Dungeon
  5653 | D:5      | Found a stormy altar of Qazlal.
  5704 | D:5      | Found a glowing drain.
  5712 | Sewer    | Entered a sewer
  6509 | D:5      | Reached skill level 5 in Stealth
  6509 | D:5      | Reached skill level 6 in Air Magic
  6690 | D:5      | Reached skill level 1 in Shields
  6697 | D:5      | Reached XP level 8. HP: 41/41 MP: 6/18
  6957 | D:5      | Found a shimmering altar of Xom.
  7013 | D:5      | Found a glowing golden altar of the Shining One.
  7207 | D:5      | Reached skill level 5 in Dodging
  7244 | D:5      | Slain by an orc priest

Levels and vault maps discovered:
D:1:      sevenhm_arrival_forest_fort_small_4, layout_rooms
D:2:      wad_woods_stonehenge, layout_basic, nicolae_overflow_hidden_temple,
          uniq_crazy_yiuf_cottage
D:3:      layout_loops_corners, gammafunk_ghost_arena, elyvilon_altar_3
D:4:      layout_cave_pools, lemuel_altar_in_water, uniq_eustachio
D:5:      layout_basic, nicolae_overflow_crystal_walls,
          grunt_temple_overflow_open, first_ration, portal_sewer_entry_e,
          lemuel_statue_altar

Skill      XL: |  1  2  3  4  5  6  7  8 |
---------------+-------------------------+-----
Stealth        | 3 4 5 |  5.4
Dodging        | 3 4 5 |  5.0
Conjurations   | 2 3 4 |  4.2
Air Magic      | 4 5 6 |  6.3
Spellcasting   | 4 5 |  5.8
Shields        | 1 |  1.3

Action                   |  1- 3 |  4- 6 |  7- 9 || total
-------------------------+-------+-------+-------++-------
Melee: Unarmed           |       |    10 |       ||    10
       Whip              |       |       |     7 ||     7
       Long sword        |       |       |     1 ||     1
 Cast: Shock             |   110 |   178 |   130 ||   418
       Airstrike         |       |     4 |     7 ||    11
  Use: Scroll            |       |       |     3 ||     3
       Potion            |       |       |     1 ||     1
  Eat: Chunk             |     2 |     8 |     7 ||    17
       Ration            |       |       |     1 ||     1
Armor: Robe              |     7 |     7 |     2 ||    16
Dodge: Dodged            |    21 |    22 |    39 ||    82
